 Seeded DCSS version 0.29.1-15-g9cfb28693d (webtiles) character file.

Game seed: 12947039438745426135 (custom seed)

239 Psyclone the Stinger (level 6, -1/36 HPs)
             Began as an Octopode Venom Mage on Sept 20, 2023.
             Splashed by a jelly's acid (8 damage)
             ... on level 5 of the Dungeon.
             The game lasted 00:11:59 (4201 turns).

Psyclone the Stinger (Octopode Venom Mage)          Turns: 4201, Time: 00:11:59

Health: -1/36      AC: -3    Str: 16    XL:     6   Next: 7%
Magic:  12/12      EV: 13    Int: 22    God:
Gold:   60         SH:  0    Dex: 14    Spells: 10/13 levels left

rFire   + . .      SeeInvis .   a - +5 spear of Resourcefulness {speed, Dex+3}
rCold   . . .      Faith    .   (no shield)
rNeg    . . .      Spirit   .   (helmet restricted)
rPois   .          Reflect  .   (no amulet)
rElec   .          Harm     .   k - +6 ring of strength
rCorr   .          Rampage  .   m - ring of protection from fire
Will    .....                   (no ring)
Stlth   +++.......              (no ring)
HPRegen 0.12/turn               (no ring)
MPRegen 0.13/turn               (no ring)
                                (no ring)
                                (no ring)

@: corroded
A: almost no armour, amphibious, 8 rings, camouflage 1, gelatinous body 1,
(nimble swimmer 1), tentacles, clever 1, strong 1, MP-powered wands
a: no special abilities


You were on level 5 of the Dungeon.
You visited 2 branches of the dungeon, and saw 6 of its levels.

You collected 276 gold pieces.
You spent 216 gold pieces at shops.

Inventory:

Hand Weapons
 a - the +5 spear of Resourcefulness (weapon) {speed, Dex+3}
   (You found it on level 1 of the Dungeon)

   Attacks with this weapon are significantly faster.
   Dex:       It affects your dexterity (+3).
Magical Staves
 e - a staff of conjuration
Jewellery
 k - a +6 ring of strength (left tentacle)
 m - a ring of protection from fire (right tentacle)
Wands
 g - a wand of light (3)
Scrolls
 b - a scroll of teleportation
Potions
 c - a potion of magic
 d - a potion of might
 f - a potion of cancellation
 h - 4 potions of brilliance
 i - a potion of heal wounds


   Skills:
 - Level 2.0 Dodging
 - Level 2.6 Stealth
 + Level 4.3 Spellcasting
 - Level 1.0 Transmutations
 - Level 6.0 Poison Magic


You had 10 spell levels left.
You knew the following spells:

 Your Spells              Type           Power      Damage    Failure   Level
a - Poisonous Vapours     Pois/Air       36%        N/A       4%          2
v - Sting                 Tmut/Pois      80%        1d7       2%          1

Your spell library contained the following spells:

 Spells                   Type           Power      Damage    Failure   Level
 Olgreb's Toxic Radiance  Pois           31%        N/A       9%          4
 Foxfire                  Conj/Fire      16%        2x1d4     11%         1
 Sandblast                Erth           8%         2d5       11%         1
 Shock                    Conj/Air       16%        1d4       11%         1
 Passwall                 Tmut/Erth      5%         N/A       13%         2
 Mephitic Cloud           Conj/Pois/Air  13%        N/A       14%         3
 Conjure Flame            Conj/Fire      4%         6-21      32%         3
 Inner Flame              Hex/Fire       4%         N/A       32%         3
 Stone Arrow              Conj/Erth      8%         3d7       32%         3
 Swiftness                Air            4%         N/A       32%         3
 Airstrike                Air            2%         2d(1-17)  71%         4
 Flame Wave               Conj/Fire      4%         2d5       71%         4


Dungeon Overview and Level Annotations

Branches:
Dungeon (5/15) Zot: 25832  Temple (1/1) D:4 Zot: 5982

Altars:
Ashenzari
Elyvilon
Fedhas
Gozag
Makhleb
Nemelex Xobeh
Okawaru
Ru
Sif Muna
Vehumet
Wu Jian
Xom
Yredelemnul
Zin
The Shining One

Shops:
D:1 =   D:2 :   D:3 *

Annotations:
D:5 Grinder


Innate Abilities, Weirdness & Mutations

You cannot wear most types of armour.
You are amphibious.
You can wear up to eight rings at the same time.
Your skin changes colour to match your surroundings (Stealth+).
Your rubbery body absorbs attacks. (AC +1, EV +1)
((You are camouflaged when in or above water. (Stealth+)))
You have tentacles for arms and can constrict up to eight enemies at once.
Your mind is acute. (Int +4, Str/Dex -1)
Your muscles are strong. (Str +4, Int/Dex -1)
You expend magic power (3 MP) to strengthen your wands.


Message History

As you read the scroll labelled FYETRO BICWU, it crumbles to dust.
It is a scroll of brand weapon.
You aren't carrying any weapons that can be branded.
The jelly closely misses you.
As you read the scroll labelled FAYFAY AXENETS, it crumbles to dust.
It is a scroll of enchant weapon.
You aren't carrying any weapons that can be enchanted.
The jelly hits you.
You are splashed with acid!
You take 10 damage, and have 24/36 hp.
MASSIVE DAMAGE!!
The jelly attacks as you move away! The jelly hits you.
You are splashed with acid!
Found a scroll labelled VOTEIL MEIQI.
You take 11 damage, and have 14/36 hp.
MASSIVE DAMAGE!!
The jelly attacks as you move away! The jelly completely misses you.
The jelly attacks as you move away! The jelly hits you but does no damage.
Found a green potion.
You see here a scroll labelled VOTEIL MEIQI.
Grinder comes into view.
Found a whip.
Grinder shouts!
Found a sling and a book of Flames.
The jelly attacks as you move away! The jelly closely misses you.
Found 2 poisoned darts.
Grinder grins, showing sharp teeth.
The jelly attacks as you move away! The jelly hits you but does no damage.
Grinder blinks!
The jelly attacks as you move away! The jelly barely misses you.
You see here a book of Flames.
You pick up a book of Flames and begin reading...
You add the spells Foxfire, Conjure Flame, Inner Flame and Flame Wave to your library.
The orc misses you. The jelly hits you. The acid corrodes you!
You are splashed with acid.
* * * LOW HITPOINT WARNING * * *
You take 7 damage, and have 8/36 hp.
The orc attacks as you move away! The orc closely misses you.
The jelly attacks as you move away! The jelly barely misses you.
The orc throws a stone.
The stone barely misses you. The jelly hits you.
* * * LOW HITPOINT WARNING * * *
You are splashed with acid!
You die...

#...).#
##.#.#.#.####
#...........###
(.....#.#......#
.......).....oo.##
.......#.........#
.......####....o.#
....... #....J.#
.... ###...@# ...
####.# #.. #.##
#.# #.# #.# #.#


You could see a jelly and 3 orcs.

Vanquished Creatures
  An iguana (D:4)
  Natasha (thrice) (D:3)
  7 adders
  2 dart slugs
  7 ball pythons
  5 bats
  3 endoplasms
  6 giant cockroaches
  5 goblins
  6 hobgoblins
  6 jackals
  2 quokkas (D:1)
  2 frilled lizards (D:2)
  9 kobolds
  6 rats
70 creatures vanquished.

Vanquished Creatures (others)
  3 plants (D:1)
3 creatures vanquished.

Grand Total: 73 creatures vanquished

Notes
Turn   | Place    | Note
-------+----------+-------------------------------------------
     0 | D:1      | Psyclone the Octopode Venom Mage began the quest for the
                  | Orb.
     0 | D:1      | Reached XP level 1. HP: 11/11 MP: 3/3
    58 | D:1      | Reached skill level 4 in Poison Magic
   113 | D:1      | Found a faded altar of an unknown god.
   118 | D:1      | Identified the +5 spear of Resourcefulness {speed, Dex+3}
   124 | D:1      | Reached XP level 2. HP: 17/17 MP: 5/5
   402 | D:1      | Found Dunosm's One-of-a-Kind Rings.
   469 | D:1      | Reached XP level 3. HP: 16/21 MP: 6/6
   490 | D:1      | Reached skill level 5 in Poison Magic
   833 | D:2      | Learned a level 2 spell: Poisonous Vapours
  1225 | D:2      | Reached XP level 4. HP: 26/27 MP: 1/7
  1301 | D:2      | Found Jetott's Book Shop.
  1324 | D:2      | Reached skill level 6 in Poison Magic
  1846 | D:3      | Found Pidug's Assorted Antiques.
  2159 | D:3      | Reached XP level 5. HP: 25/31 MP: 2/9
  2390 | D:3      | Noticed Natasha
  2398 | D:3      | Killed Natasha
  2765 | D:3      | Noticed Natasha
  2773 | D:3      | Killed Natasha
  2803 | D:3      | Noticed Natasha
  2812 | D:3      | Killed Natasha
  2908 | D:3      | Gained mutation: You expend magic power (3 MP) to
                  | strengthen your wands. [potion of mutation]
  2908 | D:3      | Gained mutation: Your muscles are strong. (Str +4, Int/Dex
                  | -1) [potion of mutation]
  2908 | D:3      | Gained mutation: Your mind is acute. (Int +4, Str/Dex -1)
                  | [potion of mutation]
  3009 | D:3      | Bought a scroll labelled YGRARASCHOUTA for 18 gold pieces
  3009 | D:3      | Bought a coral ring for 90 gold pieces
  3009 | D:3      | Bought a scroll labelled WIADGH SAGANWEE for 18 gold pieces
  3009 | D:3      | Bought a small copper ring for 90 gold pieces
  3485 | D:4      | Reached XP level 6. HP: 12/36 MP: 0/12
  3791 | D:4      | Found a staircase to the Ecumenical Temple.
  3797 | Temple   | Entered the Ecumenical Temple
  4148 | D:5      | Entered Level 5 of the Dungeon
  4188 | D:5      | Noticed Grinder
  4201 | D:5      | Splashed by a jelly's acid

Illustrated notes

Levels and vault maps discovered:
D:1:      kennysheep_arrival_forest, layout_rooms,
          hellmonk_ecumenical_altar_lost_god, nicolae_shop_unique_rings,
          serial_bayou_ford_a
D:2:      layout_basic, serial_shops, nicolae_shop_trees
D:3:      kennysheep_big_flooded_room, layout_loops_ring, serial_shops,
          nicolae_lakefront_shop, uniq_natasha
D:4:      layout_rooms, minmay_temple_entry_fiery
D:5:      layout_loops_ring, uniq_grinder, uniq_edmund
Temple:   minmay_freezing_vapour_temple

Skill      XL: |  1  2  3  4  5 |
---------------+----------------+-----
Poison Magic   | 4 5 6 |  6.0
Spellcasting   | 4 |  4.3
Dodging        | |  2.0
Stealth        | |  2.6
Transmutations | |  1.0

Action                   |  1- 3 |  4- 6 || total
-------------------------+-------+-------++-------
Melee: Unarmed           |     4 |       ||     4
       Constrict         |    18 |    14 ||    32
       Tentacles         |    12 |     8 ||    20
       Spear             |    53 |    55 ||   108
 Cast: Sting             |     5 |       ||     5
       Poisonous Vapours |     8 |    37 ||    45
  Use: Scroll            |       |    12 ||    12
       Potion            |       |     2 ||     2
 Stab: Sleeping          |     6 |    12 ||    18
       Distracted        |     1 |       ||     1
Armor: Skin              |     4 |     3 ||     7
Dodge: Dodged            |    32 |    35 ||    67
